 Dungeon Crawl Stone Soup version 0.21.1-1-g345015f (webtiles) character file.

57489 Theowulf the Fencer (level 14, -1/127 HPs)
             Began as a Minotaur Berserker on June 12, 2018.
             Was a High Priest of Trog.
             Slain by a manticore (9 damage)
             ... on level 2 of the Shoals on June 16, 2018.
             The game lasted 02:27:44 (19951 turns).

Theowulf the Fencer (Minotaur Berserker)           Turns: 19951, Time: 02:27:44

Health: -1/127     AC: 19    Str: 34    XL:     14   Next: 45%
Magic:  6/6        EV:  2    Int:  4    God:    Trog [*****.]
Gold:   1902       SH:  0    Dex: 10    Spells: 13/13 levels left

rFire    + + +     SeeInvis +   I - +5 long sword (antimagic)
rCold    . . .     Gourm    .   P - +0 buckler
rNeg     + + +     Faith    +   E - +0 fire dragon scales
rPois    ∞         Spirit   .   (helmet restricted)
rElec    .         Reflect  .   y - +0 cloak
rCorr    .         Harm     .   r - +0 pair of gloves
MR       ++...                  T - +1 pair of boots {run}
Stlth    ..........             F - amulet of faith
HPRegen  0.31/turn              Y - ring "Pootose" {*Contam rF+ rC+ MR+ Str+7}
MPRegen  0.10/turn              p - ring of see invisible

@: petrified, very slow
A: retaliatory headbutt, hooves 1, horns 2, shaggy fur 1
a: Berserk, Trog's Hand, Brothers in Arms, Burn Spellbooks, Renounce Religion


You were on level 2 of the Shoals.
You worshipped Trog.
Trog was extremely pleased with you.
You were not hungry.

You visited 4 branches of the dungeon, and saw 19 of its levels.
You also visited: Labyrinth and Ossuary.

You collected 2082 gold pieces.
You spent 180 gold pieces at shops.

Inventory:

Hand Weapons
 g - a +3 falchion of holy wrath
 x - the +9 war axe "Orb Guardian's Foe" {chop, +Inv rPois rN+ Str-2}
   (You found it on level 1 of the Shoals)

   It inflicts extra damage upon your enemies.
   It affects your strength (-2).
   It protects you from poison.
   It protects you from negative energy.
   It lets you turn invisible.
 I - a +5 antimagic long sword (weapon)
 Q - the +1 falchion "Lusiv" {freeze, rPois rC+++ Stlth-}
   (Trog gifted it to you on level 9 of the Dungeon)

   It has been specially enchanted to freeze those struck by it, causing extra
   injury to most foes and up to half again as much damage against particularly
   susceptible opponents.
   It can also slow down cold-blooded creatures.
   It renders you almost immune to cold.
   It protects you from poison.
   It makes you less stealthy.
 R - a +5 falchion of electrocution
 U - a +2 falchion of flaming
 V - a +5 scimitar of freezing
Missiles
 v - 7 javelins (quivered)
Armour
 n - a cursed +0 ring mail
 r - a +0 pair of gloves (worn)
 u - a +2 ring mail of poison resistance
 y - a +0 cloak (worn)
 E - +0 fire dragon scales (worn)
 P - a +0 buckler (worn)
 T - a +1 pair of boots of running (worn)
Jewellery
 p - a ring of see invisible (right hand)
 z - a +4 ring of strength
 F - an amulet of faith (around neck)
 O - a cursed -3 ring of dexterity {unknown}
 Y - the ring "Pootose" (left hand) {*Contam rF+ rC+ MR+ Str+7}
   (You found it in a labyrinth)

   [ring of protection from magic]

   It affects your strength (+7).
   It protects you from fire.
   It protects you from cold.
   It affects your resistance to hostile enchantments.
   It causes magical contamination when unequipped.
Wands
 a - a wand of clouds (7)
 b - a wand of polymorph (25)
 o - a wand of iceblast (27)
 q - a wand of paralysis (11)
 s - a wand of enslavement (28)
 B - a wand of flame (20)
 C - a wand of random effects (23)
 L - a wand of disintegration (35)
 S - a wand of digging (19)
Scrolls
 d - 2 scrolls of blinking
 f - a scroll of identify
 i - 3 scrolls of teleportation
 j - a scroll of noise {unknown}
 l - a scroll of amnesia {unknown}
 t - 2 scrolls of fog {unknown}
 A - a scroll of magic mapping {unknown}
 H - 3 scrolls of enchant armour {unknown}
 J - a scroll of holy word {unknown}
Potions
 e - 3 potions of heal wounds
 k - 7 potions of curing
 m - 2 potions of mutation
 w - 5 potions of degeneration {unknown}
 D - 3 potions of haste
 K - 3 potions of flight {unknown}
 M - 3 potions of lignification
 X - a potion of cancellation {unknown}
Miscellaneous
 G - a fan of gales (inert)
 Z - a lightning rod (2/4)
Comestibles
 c - 24 rations
 h - 4 chunks of flesh


   Skills:
 + Level 12.5 Fighting
 + Level 15.1 Long Blades
 + Level 1.6(3.0) Axes
   Level 4.0(4.1) Maces & Flails
 + Level 2.2 Throwing
 + Level 12.1 Armour
 + Level 11.2 Dodging
 + Level 11.2 Shields
 + Level 8.7 Evocations


You had 13 spell levels left.
You didn't know any spells.

Dungeon Overview and Level Annotations

Branches:
Dungeon (10/15)            Temple (0/1) D:6            Lair (6/6) D:9
 Shoals (2/4) Lair:4        Snake (0/4) Lair:3        Slime (1/5) Lair:6
    Orc: D:9-12

Altars:
Cheibriados
Fedhas
Gozag
Kikubaaqudgha
Makhleb
Okawaru
Ru
Uskayaw
Vehumet
Xom
Jiyva

Shops:
D:5 !

Annotations:
Lair:6 exclusion: oklob plant


Innate Abilities, Weirdness & Mutations

You reflexively headbutt those who attack you in melee.
You have a pair of horns on your head.
You have large cloven feet.
You are covered in fur. (AC +1)


Message History

The manticore claws you!
* * * LOW HITPOINT WARNING * * *
The manticore barely misses you. The manticore bites you!
* * * LOW HITPOINT WARNING * * *
The manticore claws you but does no damage. x2
The catoblepas gores you.
* * * LOW HITPOINT WARNING * * *
The manticore bites you!
* * * LOW HITPOINT WARNING * * *
The manticore claws you but does no damage.
The manticore claws you.
* * * LOW HITPOINT WARNING * * *
The manticore bites you but does no damage.
The manticore claws you.
* * * LOW HITPOINT WARNING * * *
The manticore claws you but does no damage.
The catoblepas gores you!
* * * LOW HITPOINT WARNING * * *
The manticore bites you!!
You die...

#.Y≈≈###≈≈H.#
#.≈≈≈≈≈≈≈≈≈.#
#≈≈≈≈≈≈≈≈≈#
#≈≈≈≈≈≈≈##..
'≈≈≈<≈≈≈≈...
#≈≈≈≈≈≈≈##..
#≈≈≈≈≈≈≈≈≈##
#.≈≈≈≈≈≈YH≈≈#
#.Y≈≈###≈@H≈#
#...# ##≈≈≈#
#### #####


You could see a catoblepas and 2 manticores.

Vanquished Creatures
  Rupert (Lair:5)
  Kirke (Lair:6)
  Aizul (Shoals:1)
  A dire elephant (Lair:6)
  A minotaur (Lab)
  Harold (Lair:4)
  6 hydras
  A catoblepas (Lair:6)
  An alligator snapping turtle (Shoals:2)
  A merfolk aquamancer (Shoals:1)
  A merfolk avatar (Shoals:2)
  2 death yaks (Lair:5)
  A sea snake (Lair:6)
  A swamp dragon (Shoals:1)
  Pikel (D:6)
  The ghost of Zubo the Arsonist, a novice DEFE of Vehumet (D:8)
  3 harpies (Shoals:1)
  An ugly thing (D:8)
  12 elephants (Lair:6)
  A manticore (Lair:6)
  2 water nymphs (Shoals:1)
  A black mamba (Lair:4)
  2 merfolk sirens (Shoals:1)
  A torpor snail (Lair:6)
  8 spiny frogs
  4 gargoyles (Lab)
  3 komodo dragons
  7 rime drakes
  5 polar bears
  7 merfolk (Shoals:1)
  2 trolls (D:9)
  2 hornets
  10 blink frogs
  A wind drake (Shoals:1)
  8 hippogriffs
  3 snapping turtles (Shoals:1)
  A minotaur skeleton (Lab)
  11 dream sheep
  Sigmund (D:5)
  3 redbacks (Lab)
  4 water elementals (Shoals:1)
  7 wyverns
  3 basilisks
  28 yaks
  3 hogs (Lair:5)
  Eustachio (D:6)
  4 hungry ghosts
  7 porcupines
  10 water moccasins
  Duvessa (D:5)
  An ice beast (D:9)
  4 sky beasts
  A phantom (D:5)
  A swamp drake (D:9)
  2 slaves (D:6)
  An ogre (D:4)
  18 wolves
  7 centaurs
  13 crocodiles
  A big kobold (D:9)
  Blork the orc (D:6)
  13 bullfrogs
  A wyvern zombie (D:9)
  Dowan (D:5)
  4 scorpions
  3 wights (D:6)
  2 howler monkeys (D:5)
  4 electric eels
  A bullfrog zombie (D:9)
  A crimson imp (D:9)
  4 hounds
  3 quasits
  7 centaur zombies
  3 orc priests
  A bullfrog skeleton (D:7)
  A centaur skeleton (D:9)
  4 jellies (D:9)
  7 orc wizards
  3 iguanas
  Terence (D:2)
  3 worker ants
  2 big kobold zombies (Ossuary)
  5 mummies
  A worker ant zombie (D:8)
  Robin (D:2)
  13 adders
  3 shadow imps
  7 oozes
  A worm (D:2)
  2 dart slugs
  4 leopard geckos
  37 orcs
  9 bats
  6 giant cockroaches
  13 goblins
  11 hobgoblins
  7 jackals
  7 quokkas
  A ball python (D:5)
  10 frilled lizards
  2 hobgoblin zombies
  19 kobolds
  An orc zombie (D:7)
  A quokka skeleton (D:4)
  10 rats
479 creatures vanquished.

Vanquished Creatures (collateral kills)
  A merfolk avatar (Lair:6)
  A hog (Lair:6)
  A crocodile (Lair:2)
  A bullfrog (Lair:2)
4 creatures vanquished.

Vanquished Creatures (others)
  A basilisk (D:9)
  A slave (D:6)
  A human (D:8)
  A scorpion (D:5)
  2 bushes (Lair:6)
  15 fungi
  21 plants
42 creatures vanquished.

Grand Total: 525 creatures vanquished

Notes
Turn   | Place    | Note
-------+----------+-------------------------------------------
     0 | D:1      | Theowulf the Minotaur Berserker began the quest for the Orb.
     0 | D:1      | Reached XP level 1. HP: 19/19 MP: 0/0
    91 | D:1      | Reached skill level 4 in Long Blades
    91 | D:1      | Reached XP level 2. HP: 27/27 MP: 1/1
   833 | D:2      | Reached ** piety under Trog
   839 | D:2      | Reached XP level 3. HP: 30/33 MP: 2/2
   898 | D:2      | Noticed Robin
   914 | D:2      | Reached XP level 4. HP: 41/41 MP: 3/3
   918 | D:2      | Killed Robin
  1274 | D:3      | Found a sacrificial altar of Ru.
  1289 | D:3      | Reached *** piety under Trog
  1295 | D:3      | Reached XP level 5. HP: 45/47 MP: 4/4
  1392 | D:3      | Found an opulent altar of Gozag.
  1411 | D:3      | Reached skill level 5 in Long Blades
  1639 | D:2      | Found a hide-covered altar of Uskayaw.
  1706 | D:2      | Found a burning altar of Makhleb.
  1706 | D:2      | Noticed an Executioner
  1720 | D:2      | Found a blossoming altar of Fedhas.
  2134 | D:2      | Noticed Terence
  2145 | D:2      | Killed Terence
  2145 | D:2      | Reached skill level 5 in Fighting
  2791 | D:4      | Reached XP level 6. HP: 56/56 MP: 5/5
  2918 | D:4      | Reached **** piety under Trog
  3134 | D:4      | Found an iron altar of Okawaru.
  3292 | D:4      | Reached XP level 7. HP: 62/62 MP: 6/6
  3331 | D:4      | Reached skill level 6 in Long Blades
  3738 | D:5      | Entered Level 5 of the Dungeon
  3971 | D:5      | Reached skill level 5 in Armour
  4179 | D:5      | Noticed Duvessa
  4190 | D:5      | Killed Duvessa
  4190 | D:5      | Reached skill level 1 in Shields
  4193 | D:5      | Noticed Dowan
  4207 | D:5      | Reached skill level 1 in Evocations
  4213 | D:5      | Killed Dowan
  4223 | D:5      | Found Jaron's Distillery.
  4258 | D:5      | Bought a potion of berserk rage for 60 gold pieces
  4258 | D:5      | Bought a potion of lignification for 36 gold pieces
  4258 | D:5      | Bought a potion of might for 48 gold pieces
  4258 | D:5      | Bought a potion of lignification for 36 gold pieces
  4312 | D:5      | Noticed Sigmund
  4326 | D:5      | Killed Sigmund
  4326 | D:5      | Reached skill level 5 in Dodging
  4326 | D:5      | Reached XP level 8. HP: 71/71 MP: 6/8
  4527 | D:5      | Found a sacrificial altar of Ru.
  4562 | D:5      | Found a radiant altar of Vehumet.
  4576 | D:5      | Reached skill level 7 in Long Blades
  5289 | D:6      | Reached skill level 1 in Maces & Flails
  5437 | D:6      | Noticed Pikel
  5452 | D:6      | Killed Pikel
  5452 | D:6      | Reached XP level 9. HP: 56/79 MP: 8/10
  5563 | D:6      | Found a staircase to the Ecumenical Temple.
  5609 | D:6      | Found a blossoming altar of Fedhas.
  5708 | D:6      | Noticed Eustachio
  5876 | D:6      | Killed Eustachio
  5920 | D:6      | Reached ***** piety under Trog
  6060 | D:6      | Noticed Blork the orc
  6078 | D:6      | Killed Blork the orc
  6402 | D:8      | Found an ancient bone altar of Kikubaaqudgha.
  6518 | D:7      | Got a translucent mace
  6539 | D:7      | Found a snail-covered altar of Cheibriados.
  6607 | D:7      | Found a shimmering altar of Xom.
  6819 | D:7      | Found a sand-covered staircase.
  6824 | Ossuary  | Entered an ossuary
  6999 | Ossuary  | Reached skill level 5 in Shields
  7037 | Ossuary  | Received a gift from Trog
  7235 | D:8      | Noticed Zubo's ghost (novice DEFE)
  7265 | D:8      | Killed Zubo's ghost
  7265 | D:8      | Reached skill level 8 in Long Blades
  7915 | D:8      | Identified the Collected Works on Glacial Beguiling
  8013 | D:8      | Paralysed by a hornet for 3 turns
  8016 | D:8      | Reached XP level 10. HP: 45/88 MP: 4/12
  8422 | D:8      | Noticed a white ugly thing
  8446 | D:8      | Killed a white ugly thing
  8784 | D:10     | Entered Level 10 of the Dungeon
  8784 | D:10     | Noticed a gargoyle
  8865 | D:9      | Reached skill level 9 in Long Blades
  9040 | D:9      | Received a gift from Trog
  9053 | D:9      | Got an ichor-stained falchion {god gift}
  9054 | D:9      | Identified the +1 falchion "Lusiv" {freeze, rPois rC+++ Stlth-} (Trog gifted it to you on level 9 of the Dungeon)
  9691 | D:9      | Found a staircase to the Lair.
  9895 | Lair:1   | Entered Level 1 of the Lair of Beasts
  9963 | Lair:1   | Reached skill level 5 in Evocations
 10064 | Lair:1   | Reached skill level 10 in Long Blades
 10196 | Lair:1   | Reached XP level 11. HP: 83/97 MP: 13/13
 10255 | Lair:1   | Noticed a four-headed hydra
 10266 | Lair:1   | Killed a ten-headed hydra
 10852 | Lair:2   | Noticed a six-headed hydra
 10859 | Lair:2   | Killed a four-headed hydra
 11218 | Lair:2   | Reached skill level 11 in Long Blades
 11629 | Lair:3   | Reached skill level 10 in Fighting
 11805 | Lair:3   | Noticed an eight-headed hydra
 11814 | Lair:3   | Killed a five-headed hydra
 11847 | Lair:3   | Found a labyrinth entrance.
 11852 | Lab      | Entered a labyrinth
 12421 | Lab      | Reached XP level 12. HP: 106/106 MP: 15/15
 13171 | Lab      | Noticed a minotaur
 13183 | Lab      | Killed a minotaur
 13183 | Lab      | Reached skill level 12 in Long Blades
 13184 | Lab      | Identified the Handbook of Fanaticism
 13193 | Lab      | Got a sparkling lapis lazuli ring
 13195 | Lab      | Identified the ring "Pootose" {*Contam rF+ rC+ MR+ Str+7} (You found it in a labyrinth)
 13205 | Lab      | Identified a +1 pair of boots of running (You found it in a labyrinth)
 13322 | Lair:3   | Reached skill level 10 in Armour
 13457 | Lair:3   | Reached ****** piety under Trog
 13659 | Lair:3   | Found a staircase to the Snake Pit.
 13665 | Lair:3   | Identified a scroll of acquirement
 13686 | Lair:3   | Gained mutation: You are covered in fur. (AC +1) [potion of mutation]
 13686 | Lair:3   | Gained mutation: You have large cloven feet. [potion of mutation]
 14213 | Lair:4   | Noticed Harold
 14246 | Lair:4   | Killed Harold
 14709 | Lair:4   | Found a staircase to the Shoals.
 15183 | Lair:5   | Noticed a seven-headed hydra
 15196 | Lair:5   | Killed a ten-headed hydra
 15258 | Lair:5   | Noticed a death yak
 15259 | Lair:5   | Noticed a death yak
 15268 | Lair:5   | Killed a death yak
 15268 | Lair:5   | Reached skill level 13 in Long Blades
 15279 | Lair:5   | Killed a death yak
 15411 | Lair:5   | Noticed a six-headed hydra
 15422 | Lair:5   | Killed a three-headed hydra
 15529 | Lair:5   | Reached XP level 13. HP: 84/116 MP: 17/17
 15729 | Lair:5   | Noticed Rupert
 15743 | Lair:5   | Killed Rupert
 15743 | Lair:5   | Reached skill level 10 in Dodging
 16131 | Lair:6   | Entered Level 6 of the Lair of Beasts
 16180 | Lair:6   | Received a gift from Trog
 16183 | Lair:6   | Reached skill level 10 in Shields
 16230 | Lair:6   | Reached skill level 14 in Long Blades
 17103 | Lair:6   | Received a gift from Trog
 17352 | Lair:6   | Found a staircase to the Slime Pits.
 17352 | Lair:6   | Found a viscous altar of Jiyva.
 17366 | Lair:6   | Noticed Kirke
 17367 | Lair:6   | Noticed a dire elephant
 17395 | Lair:6   | Killed a dire elephant
 17608 | Lair:5   | Reached XP level 14. HP: 99/126 MP: 19/19
 17837 | Lair:6   | Killed Kirke
 18531 | Slime:1  | Entered Level 1 of the Pits of Slime
 18531 | Slime:1  | Noticed an acid blob
 18590 | Shoals:1 | Entered Level 1 of the Shoals
 18618 | Shoals:1 | Got a crude war axe
 18620 | Shoals:1 | Identified the +9 war axe "Orb Guardian's Foe" {chop, +Inv rPois rN+ Str-2} (You found it on level 1 of the Shoals)
 18813 | Shoals:1 | Reached skill level 1 in Throwing
 18876 | Shoals:1 | Reached skill level 15 in Long Blades
 19390 | Shoals:1 | Noticed Aizul
 19423 | Shoals:1 | Killed Aizul
 19423 | Shoals:1 | Reached skill level 1 in Axes
 19951 | Shoals:2 | Slain by a manticore

Skill      XL: |  1  2  3  4  5  6  7  8  9 10 11 12 13 14 |
---------------+-------------------------------------------+-----
Long Blades    | 4 5 6 7 8 10 11 13 14 15 | 15.1
Fighting       | 4 5 6 7 8 9 10 11 12 | 12.5
Armour         | 3 4 5 6 7 8 9 10 11 12 | 12.1
Dodging        | 3 4 5 6 7 8 9 10 11 | 11.2
Shields        | 2 4 5 6 8 9 10 11 | 11.2
Evocations     | 1 3 4 5 6 7 8 |  8.7
Maces & Flails | 3 4 |  4.0
Throwing       | 2 |  2.2
Axes           | 1 |  1.6

Action                   |  1- 3 |  4- 6 |  7- 9 | 10-12 | 13-15 || total
-------------------------+-------+-------+-------+-------+-------++-------
Melee: Falchion          |    71 |    48 |       |   274 |   209 ||   602
       Headbutt          |    12 |    24 |    73 |   140 |   170 ||   419
       Long sword        |       |   116 |   181 |    24 |    70 ||   391
       Flail             |       |       |    53 |       |       ||    53
       Scimitar          |       |       |    70 |   201 |   148 ||   419
       Great sword       |       |       |       |       |     4 ||     4
       Unarmed           |       |       |       |       |     1 ||     1
Throw: Javelin           |       |     2 |       |     1 |    10 ||    13
       Tomahawk          |       |       |       |     3 |       ||     3
Invok: Berserk           |     3 |     2 |     2 |     4 |     3 ||    14
       Trog's Hand       |     1 |     1 |     2 |     4 |     7 ||    15
       Brothers in Arms  |       |       |     1 |     1 |     2 ||     4
       Burn Spellbooks   |       |       |     2 |     4 |     1 ||     7
Evoke: Wand              |       |       |       |     4 |    18 ||    22
       Lightning rod     |       |       |       |       |     4 ||     4
       Fan of gales      |       |       |       |       |     1 ||     1
  Use: Scroll            |       |     1 |    16 |     3 |     5 ||    25
       Potion            |       |       |     1 |     5 |     6 ||    12
 Stab: Sleeping          |     1 |       |       |       |       ||     1
       Paralysed         |       |       |       |     9 |       ||     9
  Eat: Chunk             |     2 |     8 |     6 |    13 |    10 ||    39
       Ration            |       |     1 |     4 |     5 |     3 ||    13
Armor: Animal skin       |     7 |       |       |       |       ||     7
       Ring mail         |    18 |    48 |       |       |       ||    66
       Chain mail        |       |    37 |    12 |       |       ||    49
       Fire dragon scale |       |       |   199 |   160 |   194 ||   553
Dodge: Dodged            |    49 |    90 |   211 |   253 |   279 ||   882
Block: Buckler           |       |       |       |   107 |    70 ||   177
       Rpst.: Falchion   |    15 |     9 |       |    32 |    27 ||    83
       Long sword        |       |    10 |    27 |     6 |     4 ||    47
       Scimitar          |       |       |    16 |    25 |    29 ||    70
       Great sword       |       |       |       |       |     1 ||     1
